 Dungeon Crawl Stone Soup version 0.19-a0-353-g6b7ed47 (webtiles) character file.

96 Ordine the Changer (level 4, -2/28 HPs)
             Began as an Octopode Transmuter on May 29, 2016.
             Slain by Duvessa
             ... wielding a +2 short sword of flaming
              (4 damage)
             ... on level 4 of the Dungeon.
             The game lasted 00:06:44 (2847 turns).

Ordine the Changer (Octopode Transmuter)            Turns: 2847, Time: 00:06:45

Health: -2/28      AC:  2    Str:  9    XL:     4   Next: 67%
Magic:  2/7        EV: 19    Int: 16    God:
Gold:   140        SH:  0    Dex: 17    Spells: 2 memorised, 3 levels left

rFire  . . .     SeeInvis .       - Unarmed
rCold  . . .     Gourm    .     (shield currently unavailable)
rNeg   . . .     Faith    .     (helmet currently unavailable)
rPois  x         Spirit   .     (no amulet)
rElec  .         Dismiss  .     m - ring of stealth
rCorr  .         Reflect  .     (no ring)
SustAt .         Harm     .     (no ring)
MR     .....                    (no ring)
Stlth  +++.......               (no ring)
                                (no ring)
                                (no ring)
                                (no ring)

@: about to teleport, spider-form (expiring), very slightly contaminated, not
resistant to hostile enchantments, fairly stealthy
A: almost no armour, (amphibious), 8 rings, (constrict 8), (camouflage 0),
(gelatinous body 0)
a: End Transformation


You were on level 4 of the Dungeon.
You were hungry.
You were a venomous arachnid creature.
You visited 1 branch of the dungeon, and saw 4 of its levels.

You collected 140 gold pieces.

Inventory:

Jewellery
 m - a ring of stealth (left front leg)
Scrolls
 e - a scroll of identify
 f - 2 scrolls of magic mapping
Potions
 j - a potion of ambrosia
Books
 b - a book of Changes

   Spells                             Type                      Level
   a - Beastly Appendage              Transmutation                1
   b - Sticks to Snakes               Transmutation                2
   c - Spider Form                    Transmutation/Poison         3
   d - Ice Form                       Ice/Transmutation            4
   e - Blade Hands                    Transmutation                5
Comestibles
 c - 4 bread rations
 i - a slice of pizza


   Skills:
 - Level 1.0 Fighting
 - Level 2.0 Dodging
 + Level 3.8 Unarmed Combat
 - Level 2.0 Spellcasting
 * Level 4.0 Transmutations


You had 3 spell levels left.
You knew the following spells:

 Your Spells              Type           Power        Failure   Level  Hunger
a - Beastly Appendage     Tmut           ##....       14%         1    #......
b - Spider Form           Tmut/Pois      #.........   50%         3    ###....


Dungeon Overview and Level Annotations

Branches:
Dungeon (4/15)
 Temple: D:4-7

Altars:
Fedhas
Gozag
Kikubaaqudgha
Pakellas
Vehumet

Annotations:
D:4 Dowan, Duvessa


Innate Abilities, Weirdness & Mutations

You cannot wear most types of armour.
((You are amphibious.))
You can wear up to eight rings at the same time.
((You can use your tentacles to constrict eight enemies at once.))
((Your skin changes colour to match your surroundings (Stealth+).))
((Your rubbery body absorbs attacks. (AC +1)))


Message History

Duvessa barely misses you.
Drink which item? (? for menu, Esc to quit)
You feel better. Duvessa closely misses you. Dowan hits you with a dagger.
You hit Duvessa.
Duvessa is severely wounded.
Duvessa hits you with a short sword of flaming.
Duvessa burns you. Dowan hits you with a dagger.
* * * LOW HITPOINT WARNING * * *
Duvessa hits you with a short sword of flaming.
* * * LOW HITPOINT WARNING * * *
Duvessa burns you.
* * * LOW HITPOINT WARNING * * *
Unknown command.
Unknown command.
Unknown command.
Read which item? (? for menu, Esc to quit)
As you read the scroll of teleportation, it crumbles to dust.
You feel strangely unstable.
Duvessa hits you with a short sword of flaming.
You die...

#...............
..##.#####............<.#
.............(....#...##
#.#.#####.)...###.#####
#.#...........# #.#
#.......#.....# #.#
###.....#.....#
#.....####### #....s###
#.†..ee.# #..#.##a.#
........ ..... .........
....... ....%............
..............#..
........>........ ###..#


You could see Duvessa, Dowan and a worker ant.

Vanquished Creatures
  2 adders
  2 worms (D:2)
  4 dart slugs
  3 giant geckos
  2 orcs (D:3)
  7 giant cockroaches
  5 goblins
  5 hobgoblins (D:1)
  A quokka (D:4)
  A ball python (D:2)
  7 bats
  3 giant newts
  7 kobolds
  10 rats
59 creatures vanquished.

Notes
Turn   | Place    | Note
--------------------------------------------------------------
     0 | D:1      | Ordine the Octopode Transmuter began the quest for the Orb.
     0 | D:1      | Reached XP level 1. HP: 13/13 MP: 3/3
   126 | D:1      | Reached XP level 2. HP: 18/18 MP: 5/5
   222 | D:1      | Reached skill level 3 in Transmutations
   519 | D:1      | Reached XP level 3. HP: 23/23 MP: 6/6
   700 | D:1      | Learned a level 3 spell: Spider Form
  1364 | D:2      | Found a blossoming altar of Fedhas.
  1365 | D:2      | Found an ancient bone altar of Kikubaaqudgha.
  1693 | D:2      | Found a radiant altar of Vehumet.
  1739 | D:2      | Found an oddly glowing altar of Pakellas.
  1746 | D:2      | Reached XP level 4. HP: 28/28 MP: 5/7
  2372 | D:3      | Reached skill level 4 in Transmutations
  2405 | D:3      | Found an opulent altar of Gozag.
  2790 | D:4      | Noticed Duvessa
  2836 | D:4      | Noticed Dowan
  2847 | D:4      | Slain by Duvessa

Vault maps used:
D:1:      dpeg_arrival_radiant, minmay_misc_feat_nine_boxes,
          minmay_misc_feat_rugged
D:2:      grunt_temple_overflow_growth_and_decay, vehumet_crystals,
          grunt_pakellas_sulfur
D:3:      overflow_temple_1_default
D:4:      first_bread, uniq_duvessa

Skill      XL: |  1  2  3  4 |
---------------+-------------+-----
Transmutations | 3 4 |  4.0
Fighting       | |  1.0
Dodging        | |  2.0
Unarmed Combat | |  3.8
Spellcasting   | |  2.0

Action                   |  1- 3 |  4- 6 || total
-------------------------+-------+-------++-------
Melee: Unarmed           |    98 |    41 ||   139
       Constrict         |    25 |     8 ||    33
       Tentacles         |    16 |     1 ||    17
       Kick              |     3 |       ||     3
       Punch             |     2 |     1 ||     3
 Cast: Beastly Appendage |     4 |     1 ||     5
       Spider Form       |     1 |     3 ||     4
  Use: Scroll            |     7 |     4 ||    11
       Potion            |       |     1 ||     1
 Stab: Sleeping          |     7 |     8 ||    15
  Eat: Chunk             |     3 |     3 ||     6
Armor: Skin              |     7 |       ||     7
Dodge: Dodged            |    49 |    18 ||    67
